 Dungeon Crawl Stone Soup version 0.28-a0-1002-gf00fe891ef (webtiles) character file.

Game seed: 5723401624057894653

359 lunkers the Skirmisher (level 6, -1/49 HPs)
             Began as a Djinni Cinder Acolyte on Dec 6, 2021.
             Was a High Priest of Ignis.
             Killed by nerve-wracking pain
             ... invoked by an orc priest
              (9 damage)
             ... on level 3 of the Dungeon.
             The game lasted 00:04:59 (3345 turns).

lunkers the Skirmisher (Djinni Cinder Acolyte)      Turns: 3345, Time: 00:05:00

Health: -1/49      AC:  2    Str: 13    XL:     6   Next: 97%
Gold:   107        EV: 11    Int: 17    God:    Ignis [*****.] SH:  0 Dex:  9

rFire   + + +      SeeInvis .   a - -1 short sword (flame)
rCold   . . .      Faith    .   (no shield)
rNeg    . . .      Spirit   .   b - +0 robe
rPois   ∞          Reflect  .   (no helmet)
rElec   .          Harm     .   (no cloak)
rCorr   .          Rampage  .   (no gloves)
Will    +....                   (boots unavailable)
Stlth   +.........              (no amulet)
HPRegen 0.16/turn               g - ring of willpower
MPRegen 0.00/turn               i - ring of protection from cold

@: flying
A: sickness immunity, fire resistance 2, cold vulnerability 1, float, innate
caster, hp casting, extra vitality 1
a: Renounce Religion, Fiery Armour, Foxfire Swarm, Rising Flame


You were on level 3 of the Dungeon.
You worshipped Ignis.
Ignis was extremely pleased with you.
You visited 1 branch of the dungeon, and saw 3 of its levels.

You collected 107 gold pieces.

Inventory:

Hand Weapons
 a - a -1 short sword of flaming (weapon)
Armour
 b - a +0 robe (worn)
Jewellery
 g - a ring of willpower (left hand)
 h - a ring of wizardry
 i - a ring of protection from cold (right hand)
Wands
 e - a wand of digging (7)
Scrolls
 f - a scroll of blinking {unknown}
 j - a scroll of enchant weapon {unknown}
 l - a scroll of fear {unknown}
 m - a scroll of teleportation {unknown}
 n - a scroll of holy word {unknown}
 p - a scroll of fog {unknown}
Potions
 c - a potion of invisibility
 d - a potion of brilliance
 k - a potion of berserk rage {unknown}
 q - a potion of curing {unknown}


   Skills:
 + Level 4.8 Fighting
 - Level 2.6 Short Blades
 * Level 4.7 Spellcasting


You had 9 spell levels left.
You knew the following spells:

 Your Spells              Type           Power      Damage    Failure   Level
a - Freeze                Ice            80%        1d9       1%          1
b - Blink                 Tloc           40%        N/A       3%          2
p - Scorch                Fire           40%        2d7       3%          2
Your spell library was empty.

Dungeon Overview and Level Annotations

Branches:
Dungeon (3/15)

Altars:


Innate Abilities, Weirdness & Mutations

You are immune to sickness and miasma.
You are immune to poison.
Your flesh is very heat resistant. (rF++)
You are vulnerable to cold. (rC-)
You float through the air rather than walking.
You learn spells naturally, not from books.
Your magical power is your life essence.
You have superior vitality. (+4 HP)


Message History

The orc priest's fire resistance burns away.
* * * LOW HITPOINT WARNING * * *
An orc comes into view. It is wielding a +0 club.
Casting: Scorch (safe; 3% risk of failure)
Press: ? - help, Q - select action, (/) - cycle Dir - look around, f - activate Flames lash the orc.
The orc is severely wounded.
The orc's fire resistance burns away.
* * * LOW HITPOINT WARNING * * *
An orc priest comes into view.
It is wielding a +1 vorpal quarterstaff.
The orc priest closely misses you.
Unknown command.
Casting: Scorch (safe; 3% risk of failure)
Press: ? - help, Q - select action, (/) - cycle Dir - look around, f - activate Flames lash the orc.
The orc is burned terribly!
You kill the orc!
* * * LOW HITPOINT WARNING * * *
You hear a shout!
The orc priest hits you with a +0 dagger.
* * * LOW HITPOINT WARNING * * *
A goblin comes into view. It is wielding a +0 club.
An orc comes into view. It is wielding a +0 dagger.
The orc priest calls down the wrath of Beogh upon you.
Beogh smites you!
* * * LOW HITPOINT WARNING * * *
Casting: Scorch (safe; 3% risk of failure)
Press: ? - help, Q - select action, (/) - cycle Dir - look around, f - activate Flames lash the orc.
You kill the orc!
* * * LOW HITPOINT WARNING * * *
The orc priest is no longer more vulnerable to fire.
Casting: Scorch (safe; 3% risk of failure)
Press: ? - help, Q - select action, (/) - cycle Dir - look around, f - activate Flames lash the orc priest.
The orc priest is severely wounded.
The orc priest's fire resistance burns away.
* * * LOW HITPOINT WARNING * * *
The orc priest calls down the wrath of Beogh upon you.
Pain shoots through your body!
You die...

#.## #.#.#<#.##### .
#..# #.#)........#
....###.###)##........#
..........#...........#
....####..####........#
## .).# ####'#####
#.#.# ####.##### ..#.#
#........# .###@##
#........# . #oo#
#........# #
#..######.##### #g..#
#.# #o#.## #.#
......).#..# #.#
.....)..##.## #.#
....o..###..# #.#
..S.... ##.###.#######


You could see 2 orc priests, an orc and a goblin.

Vanquished Creatures
  Sigmund (D:2)
  A jelly (D:2)
  2 orc priests (D:3)
  Jessica (D:2)
  Terence (D:2)
  An adder (D:3)
  A worm (D:2)
  2 dart slugs (D:1)
  4 orcs (D:3)
  6 endoplasms
  5 goblins
  6 hobgoblins
  7 kobolds
  A quokka (D:1)
  4 ball pythons
  6 bats (D:1)
  2 frilled lizards (D:1)
  4 rats
55 creatures vanquished.

Notes
Turn   | Place    | Note
-------+----------+-------------------------------------------
     0 | D:1      | lunkers the Djinni Cinder Acolyte began the quest for the
                  | Orb.
     0 | D:1      | Reached XP level 1. HP: 20/20 MP: 0/0
   345 | D:1      | Reached XP level 2. HP: 24/25 MP: 0/0
   359 | D:1      | Noticed a golden eye
   361 | D:1      | Noticed a shining eye
   371 | D:1      | Found a faded altar of an unknown god.
   756 | D:1      | Noticed a shining eye
   756 | D:1      | Noticed a golden eye
   788 | D:1      | Reached XP level 3. HP: 19/30 MP: 0/0
   788 | D:1      | Learned a level 1 spell: Freeze
  1885 | D:2      | Reached XP level 4. HP: 19/35 MP: 0/0
  2046 | D:2      | Noticed Terence
  2051 | D:2      | Killed Terence
  2052 | D:2      | Noticed Sigmund
  2060 | D:2      | HP: 1/37 [Sigmund (10)]
  2380 | D:2      | Noticed Jessica
  2383 | D:2      | Killed Jessica
  2384 | D:2      | Reached XP level 5. HP: 35/41 MP: 0/0
  2384 | D:2      | Learned a level 2 spell: Blink
  2584 | D:2      | Killed Sigmund
  2585 | D:2      | Reached XP level 6. HP: 42/48 MP: 0/0
  3345 | D:3      | Killed from afar by an orc priest

Illustrated notes

Levels and vault maps discovered:
D:1:      lightli_arrival_noodles, layout_rooms,
          hellmonk_ecumenical_altar_watching_god
D:2:      layout_loops_ring, minivault_5, uniq_jessica, uniq_terence,
          uniq_sigmund
D:3:      cheibrodos_thug_alley, layout_basic, general_overflow_altar,
          serial_shops, shop, uniq_ijyb

Skill      XL: |  1  2  3  4  5 |
---------------+----------------+-----
Spellcasting   | 3 4 |  4.7
Fighting       | 4 |  4.8
Short Blades   | |  2.6

Action                   |  1- 3 |  4- 6 || total
-------------------------+-------+-------++-------
Melee: Short sword       |    21 |       ||    21
 Cast: Scorch            |    45 |    37 ||    82
  Use: Scroll            |       |     3 ||     3
Armor: Robe              |     3 |       ||     3
Dodge: Dodged            |    15 |     6 ||    21

Table legend: (Time is in decaauts)
 A = Elapsed time spent in this place.
 B = Non-inter-level travel time spent in this place.
 C = Inter-level travel time spent in this place.
 D = Time resting spent in this place.
 E = Time spent auto-exploring this place.
 F = Levels seen in this place.
 G = Mean time per level.
                   A        B        C        D        E       F      G
               +--------+--------+--------+--------+--------+-----+--------+
         Total |   3342 |   3266 |     76 |    669 |   2311 |   3 | 1114.0 |
       Dungeon |   3342 |   3266 |     76 |    669 |   2311 |   3 | 1114.0 |
               +--------+--------+--------+--------+--------+-----+--------+

Top non-repeatable levels by time:
     D:1: 2039 daAuts
     D:2: 1014 daAuts
     D:3: 288 daAuts
